 Dungeon Crawl Stone Soup version 0.31.0-11-ge490571c62 (webtiles) character file.

Game seed: 14997993461553607913

933 Marvel the Magician (level 7, -4/66 HPs)
             Began as a Troll Hedge Wizard on Feb 8, 2024.
             Was a Follower of Qazlal.
             Shot with a bolt by an orc warrior (14 damage)
             ... on level 5 of the Dungeon.
             The game lasted 00:17:27 (5213 turns).

Marvel the Magician (Troll Hedge Wizard)            Turns: 5213, Time: 00:17:27

Health: -4/66      AC:  4    Str: 19    XL:     7   Next: 86%
Magic:  15/20      EV: 10    Int: 12    God:    Qazlal [*.....]
Gold:   246        SH:  2    Dex:  9    Spells: 5/12 levels left

rFire   . . .        f - +3 short sword
rCold   . . .        (no shield)
rNeg    . . .        b - +0 robe
rPois   .            c - +0 hat
rElec   .            (no cloak)
rCorr   .            (gloves unavailable)
SInv    .            (boots unavailable)
Will    .....        (no amulet)
Stlth   +            j - ring of magical power
HPRegen 1.11/turn    y - ring of wizardry
MPRegen 0.17/turn

%: wizardry (x1)
@: no status effects
A: large, unfitting armour, claws 3, regeneration 1, shaggy fur 1, tough skin 1
a: Renounce Religion


You were on level 5 of the Dungeon.
You worshipped Qazlal.
Qazlal was aware of your devotion.
You visited 1 branch of the dungeon, and saw 6 of its levels.
You also visited: Sewer.

You collected 246 gold pieces.

Inventory:

Hand Weapons
 a - a +0 dagger
 f - a +3 short sword (weapon)
Missiles
 t - 11 poisoned darts
Armour
 b - a +0 robe (worn)
 c - a +0 hat (worn)
 w - a +0 kite shield
Jewellery
 j - a ring of magical power (left claw)
 r - a ring of see invisible
 y - a ring of wizardry (right claw)
Talismans
 p - a flux talisman
Wands
 s - a wand of polymorph (8)
Scrolls
 e - 4 scrolls of teleportation {unknown}
 h - a scroll of fear {unknown}
 i - 2 scrolls of noise {unknown}
 k - a scroll of immolation {unknown}
 l - 6 scrolls of identify {unknown}
 m - 2 scrolls of silence {unknown}
 o - 2 scrolls of enchant weapon {unknown}
 q - a scroll of blinking {unknown}
 v - a scroll of summoning
Potions
 d - a potion of magic
 g - a potion of enlightenment {unknown}
 n - 6 potions of curing
 u - a potion of attraction
 x - 2 potions of haste {unknown}


   Skills:
 + Level 2.5 Fighting
 + Level 3.2 Short Blades
 + Level 3.0 Dodging
 + Level 1.7 Stealth
 + Level 0.3 Shields
 + Level 3.3 Spellcasting
 + Level 1.3 Conjurations
 + Level 2.3 Summonings
 + Level 0.7 Translocations
 + Level 0.4 Air Magic


You had 5 spell levels left.
You knew the following spells:

 Your Spells              Type           Power      Damage    Failure   Level
a - Magic Dart            Conj           20%        1d4       6%          1
b - Call Imp              Summ           14%        N/A       6%          2
c - Blink                 Tloc           6%         N/A       11%         2
d - Mercury Vapours       Alch/Air       4%         N/A       13%         2

Your spell library contained the following spells:

 Spells                   Type           Power      Damage    Failure   Level
 Sting                    Conj/Alch      12%        1d3       8%          1
 Slow                     Hex            8%         N/A       10%         1
 Cigotuvi's Dreadful Rot  Necr/Alch/Air  4%         N/A       14%         2
 Mephitic Cloud           Conj/Alch/Air  3%         N/A       22%         3
 Olgreb's Toxic Radiance  Alch           2%         N/A       65%         4


Dungeon Overview and Level Annotations

Branches:
Dungeon (6/15)              Sewer (visited)
 Temple: D:4-7

Altars:
Cheibriados
Hepliaklqana
Qazlal
Trog
Uskayaw
The Shining One

Annotations:
D:5 Pikel


Innate Abilities, Weirdness & Mutations

You are too large for most types of armour.
You have claws for hands.
Your natural rate of healing is unusually fast.
You are covered in fur. (AC +1)
You have tough skin. (AC +1)


Message History

The gnoll bouda barks out a call to the hunt!
The gnoll picks up the pace!
Casting: Mercury Vapours (safe; 13% risk of failure)
Confirm with . or Enter, or press ? or * to list all spells.
Aiming: Mercury Vapours (safe; 13% risk of failure)
Press: ? - help, Dir - move target, f/p - gnoll
Aim: a gnoll, wielding a +0 spear (moderately wounded, covering ground quickly, poisoned, chance to weaken: 96%) Fumes of mercury billow around the gnoll!
The gnoll looks even sicker.
The gnoll looks weaker.
The gnoll hits you from afar with a +0 spear.
Casting: Mercury Vapours (safe; 13% risk of failure)
Confirm with . or Enter, or press ? or * to list all spells.
Aiming: Mercury Vapours (safe; 13% risk of failure)
Press: ? - help, Dir - move target, f/p - gnoll
Aim: a gnoll, wielding a +0 spear (almost dead, covering ground quickly, very poisoned, weak, chance to weaken: 96%)
Okay, then.
The gnoll attacks as it pursues you! The gnoll barely misses you.
The gnoll hits you from afar with a +0 spear.
Things that are here:
a +0 short sword; an orc corpse You kill the gnoll!
Qazlal accepts your kill.
The orc warrior shoots a bolt.
The bolt closely misses you.
Casting: Mercury Vapours (safe; 13% risk of failure)
Confirm with . or Enter, or press ? or * to list all spells.
Aiming: Mercury Vapours (safe; 13% risk of failure)
Press: ? - help, Dir - move target, f - orc warrior
Aim: an orc warrior, wielding a +1 arbalest of flaming and wearing a +0 chain mail (heavily wounded, chance to weaken: 68%) Fumes of mercury billow around the orc warrior!
The orc warrior is poisoned.
The orc warrior looks weaker.
The orc warrior shoots a bolt.
The bolt hits you! The bolt burns you.
The orc warrior shoots a bolt.
The bolt hits you! The bolt burns you!
* * * LOW HITPOINT WARNING * * *
The orc warrior shoots a bolt.
The bolt hits you!
* * * LOW HITPOINT WARNING * * *
The bolt burns you.
* * * LOW HITPOINT WARNING * * *
The orc warrior is no longer weakened.
The orc warrior shoots a bolt.
The bolt hits you!
You die...

#<# #.# #.# ###.############
#...............
#####################.
#............ ........
############.###.###############.
................@# ..........
...##.........##.# ##########
##.#......))..##.# ......
.#.#..........##.# ######
..............##.# #####
...#############)### ..... .#o#
########og..# ..... .#.#
#..go..)....# K..5.
.#.#####g######....# 5B...


You could see an orc warrior (very poisoned) and a gnoll bouda.

Vanquished Creatures
  An ice beast (D:6)
  A sky beast (D:4)
  2 kobold brigands (Sewer)
  2 bombardier beetles (D:5)
  A hound (D:3)
  Ijyb (D:4)
  Terence (D:3)
  2 orc wizards
  7 adders
  5 gnolls
  2 river rats (Sewer)
  5 ribbon worms
  2 dart slugs
  7 orcs
  6 bats
  9 endoplasms
  2 giant cockroaches (D:2)
  4 goblins
  5 hobgoblins
  A jackal (D:1)
  2 quokkas
  18 ball pythons
  6 frilled lizards
  14 kobolds
  10 rats
116 creatures vanquished.

Vanquished Creatures (collateral kills)
  A crocodile (Sewer)
  A hound (D:6)
  2 gnolls (D:2)
  A white imp (D:5)
  A ribbon worm (D:4)
  An orc (D:6)
  2 ball pythons (Sewer)
  A hobgoblin (D:1)
  A jackal (D:1)
  A kobold (Sewer)
  A frilled lizard (D:4)
  A rat (D:1)
14 creatures vanquished.

Grand Total: 130 creatures vanquished

Notes
Turn   | Place    | Note
-------+----------+-------------------------------------------
     0 | D:1      | Marvel the Troll Hedge Wizard began the quest for the Orb.
     0 | D:1      | Reached XP level 1. HP: 16/16 MP: 2/2
   111 | D:1      | Reached XP level 2. HP: 24/24 MP: 4/4
   190 | D:1      | Learned a level 2 spell: Call Imp
   565 | D:1      | Reached XP level 3. HP: 31/31 MP: 5/5
  1150 | D:2      | Reached skill level 1 in Short Blades
  1358 | D:2      | Reached XP level 4. HP: 40/40 MP: 3/6
  1687 | D:2      | Found a hide-covered altar of Uskayaw.
  1832 | D:2      | Reached skill level 1 in Fighting
  2283 | D:3      | Noticed Terence
  2309 | D:3      | Killed Terence
  2310 | D:3      | Reached XP level 5. HP: 35/48 MP: 1/7
  2421 | D:3      | Learned a level 2 spell: Blink
  2439 | D:3      | Reached skill level 1 in Summonings
  2476 | D:3      | Found a snail-covered altar of Cheibriados.
  2550 | D:3      | Found a glowing golden altar of the Shining One.
  2565 | D:3      | Became a worshipper of the Shining One
  3282 | D:4      | Found a stormy altar of Qazlal.
  3288 | D:4      | Noticed a fire elemental
  3288 | D:4      | Noticed an air elemental
  3289 | D:4      | Noticed a water elemental
  3294 | D:4      | Fell from the grace of the Shining One
  3294 | D:4      | Became a worshipper of Qazlal Stormbringer
  3332 | D:4      | Found a hazy altar of Hepliaklqana.
  3366 | D:4      | Noticed Ijyb
  3390 | D:4      | Killed Ijyb
  3627 | D:4      | Noticed a sky beast
  3675 | D:4      | Killed a sky beast
  3676 | D:4      | Reached XP level 6. HP: 11/57 MP: 4/9
  3770 | D:4      | Found a glowing drain.
  3775 | Sewer    | Entered a sewer
  4088 | Sewer    | HP: 1/57 [crocodile (10)]
  4109 | Sewer    | Reached XP level 7. HP: 25/65 MP: 6/10
  4182 | Sewer    | Reached * piety under Qazlal
  4684 | D:5      | Entered Level 5 of the Dungeon
  4719 | D:5      | Reached skill level 1 in Conjurations
  4776 | D:5      | Noticed Pikel
  4963 | D:5      | Learned a level 2 spell: Mercury Vapours
  5017 | D:5      | Found a bloodstained altar of Trog.
  5213 | D:5      | Shot with a bolt by an orc warrior

Illustrated notes

Levels and vault maps discovered:
D:1:      ldierk_walled_garden, layout_basic, minmay_hexomino_c4
D:2:      layout_basic, basic_altar, st_stairs_3, minmay_misc_feat_x,
          minmay_tall_x
D:3:      layout_basic, mainiacjoe_overflow_chevrons,
          mainiacjoe_overflow_small_starburst, uniq_terence
D:4:      layout_gridville, nicolae_qazlal_style_of_elements,
          worldfamousw_hep_ancestral_shrine,
          mainiacjoe_sewer_entry_somewhere_in_here_1, serial_bayou_pond_a,
          eino_tiny_chamber, uniq_ijyb
D:5:      layout_basic, trog_three_pillars_becter, uniq_crazy_yiuf_cottage,
          uniq_pikel
D:6:      layout_cave_pools, nicolae_ru_awakened_eye,
          mainiacjoe_overflow_brackets, minmay_temple_entry_waves

Skill      XL: |  1  2  3  4  5  6  7 |
---------------+----------------------+-----
Dodging        | 2 3 |  3.0
Short Blades   | 1 2 3 |  3.2
Fighting       | 1 2 |  2.5
Summonings     | 1 2 |  2.3
Spellcasting   | 3 |  3.3
Conjurations   | 1 |  1.3
Stealth        | |  1.7
Shields        | |  0.3
Translocations | |  0.7
Air Magic      | |  0.4

Action                     |  1- 3 |  4- 6 |  7- 9 || total
---------------------------+-------+-------+-------++-------
  Melee: Dagger            |    27 |       |       ||    27
         Short sword       |   182 |   309 |   124 ||   615
         Punch             |     3 |     1 |     1 ||     5
   Cast: Call Imp          |     3 |    20 |    17 ||    40
         Magic Dart        |       |    13 |     9 ||    22
         Blink             |       |     1 |       ||     1
         Mercury Vapours   |       |       |     7 ||     7
    Use: Potion            |     1 |     5 |       ||     6
         Scroll            |       |     1 |       ||     1
   Stab: Distracted        |       |     3 |     2 ||     5
 Armour: Robe              |   178 |   204 |   113 ||   495
         Skin              |       |    12 |       ||    12
  Dodge: Dodged            |   112 |   137 |    61 ||   310
  Block: Kite shield       |       |     1 |       ||     1
         Other             |       |       |     8 ||     8
